 Dungeon Crawl Stone Soup version 0.26-a0-682-g294304f6e8 (webtiles) character file.

Game seed: 14466699699944450811

2571 DogServant the Grappler (level 9, -1/84 HPs)
             Began as a Troll Transmuter on Oct 20, 2020.
             Was a High Priest of Okawaru.
             Slain by a wyvern zombie (6 damage)
             ... on level 8 of the Dungeon.
             The game lasted 00:08:15 (6490 turns).

DogServant the Grappler (Troll Transmuter)          Turns: 6490, Time: 00:08:15

Health: -1/84      AC:  6    Str: 22    XL:     9   Next: 32%
Magic:  0/9        EV: 10    Int:  9    God:    Okawaru [*****.]
Gold:   329        SH:  0    Dex: 11    Spells: 9/10 levels left

rFire    . . .     SeeInvis .     - Unarmed
rCold    . . .     Faith    .   (no shield)
rNeg     . . .     Spirit   +   w - +0 robe
rPois    .         Reflect  .   (helmet restricted)
rElec    .         Harm     .   (no cloak)
rCorr    .         Rampage  .   (gloves unavailable)
MR       .....                  (boots unavailable)
Stlth    +.........             h - amulet of guardian spirit
HPRegen  0.64/turn              c - ring of flight
MPRegen  0.11/turn              (no ring)

@: no status effects
A: large, unfitting armour, claws 3, regeneration 1, shaggy fur 1, tough skin 3
a: Heroism, Finesse, Renounce Religion, Evoke Flight


You were on level 8 of the Dungeon.
You worshipped Okawaru.
Okawaru was extremely pleased with you.
You visited 1 branch of the dungeon, and saw 8 of its levels.

You collected 329 gold pieces.

Inventory:

Armour
 a - a +0 robe
 w - a +0 robe (worn)
Jewellery
 c - a ring of flight (left claw)
 h - an amulet of guardian spirit (around neck)
Wands
 m - a wand of acid (6)
 n - a wand of flame (3)
 v - a wand of iceblast (11)
 y - a wand of polymorph (13)
Scrolls
 d - a scroll of fear
 f - 4 scrolls of teleportation
 i - a scroll of amnesia
 q - 4 scrolls of remove curse
Potions
 b - 3 potions of lignification
 e - 2 potions of stabbing
 g - a potion of heal wounds
 j - a potion of haste {unknown}
 k - 2 potions of brilliance
 l - 2 potions of curing
 o - a potion of might
 p - a potion of invisibility
 u - 2 potions of flight
 z - a potion of berserk rage {unknown}


   Skills:
 - Level 4.1 Fighting
 - Level 1.8 Dodging
 + Level 9.9 Unarmed Combat
 - Level 1.2 Spellcasting
 + Level 5.3 Transmutations


You had 9 spell levels left.
You knew the following spells:

 Your Spells              Type           Power        Failure   Level
a - Beastly Appendage     Tmut           ##....       4%          1

Your spell library contained the following spells:

 Spells                   Type           Power        Failure   Level
 Wereblood                Tmut           ##......     6%          2
 Spider Form              Tmut/Pois      #.........   34%         3
 Blade Hands              Tmut           ##........   73%         5
 Ice Form                 Ice/Tmut       #.......     75%         4


Dungeon Overview and Level Annotations

Branches:
Dungeon (8/15)             Temple (0/1) D:7
   Lair: D:8-11

Altars:
Cheibriados
Dithmenos
Nemelex Xobeh
Okawaru
Qazlal
Ru
Trog
Uskayaw
Vehumet
The Shining One

Shops:
D:7 ?


Innate Abilities, Weirdness & Mutations

You are too large for most types of armour.
You have claws for hands.
Your natural rate of healing is unusually fast.
You are covered in fur. (AC +1)
You have extremely tough skin. (AC +3)


Message History

A wyvern zombie comes into view.
You are too injured to fight recklessly!
You start resting.
A wyvern zombie is nearby!
You claw the wyvern zombie!
The wyvern zombie is moderately damaged.
The wyvern zombie bites you!
* * * LOW HITPOINT WARNING * * *
You claw the wyvern zombie!
The wyvern zombie is heavily damaged.
The wyvern zombie bites you!
* * * LOW HITPOINT WARNING * * *
You barely miss the wyvern zombie.
The wyvern zombie is heavily damaged.
The wyvern zombie bites you.
* * * LOW HITPOINT WARNING * * *
You scratch the wyvern zombie.
The wyvern zombie is severely damaged.
The wyvern zombie bites you!
You die...

#....#.# #.#....
####.#.# .# ...
#####.#.# .# #.
#.....#.# ##.#..#..
# .#.....########.#
#.......Z.....$....#
......########Z.####
...... #..@.<.#
.#### #....#.#
###....# ......#
##..#### .... #####


You could see a wyvern zombie.

Vanquished Creatures
  A two-headed ogre (D:8)
  2 sky beasts
  A phantom (D:4)
  2 necrophages
  An ogre (D:5)
  A centaur (D:7)
  3 bullfrogs
  A scorpion (D:5)
  2 howler monkeys
  4 hounds
  4 jellies
  2 orc wizards (D:8)
  2 bullfrog skeletons
  2 orc priests
  5 iguanas
  5 worker ants
  A hound skeleton (D:6)
  A howler monkey skeleton (D:5)
  4 adders
  8 gnolls
  4 shadow imps
  2 white imps (D:7)
  An ufetubus (D:6)
  3 oozes
  An adder zombie (D:7)
  An adder skeleton (D:8)
  2 worms
  6 dart slugs
  6 leopard geckos
  17 orcs
  7 bats
  7 giant cockroaches
  15 goblins
  9 hobgoblins
  5 jackals
  10 kobolds
  2 quokkas
  4 frilled lizards
  A jackal zombie (D:5)
  9 rats
164 creatures vanquished.

Notes
Turn   | Place    | Note
-------+----------+-------------------------------------------
     0 | D:1      | DogServant the Troll Transmuter began the quest for the
                  | Orb.
     0 | D:1      | Reached XP level 1. HP: 18/18 MP: 1/1
   107 | D:1      | Reached XP level 2. HP: 26/26 MP: 2/2
   295 | D:1      | Reached skill level 4 in Unarmed Combat
   299 | D:1      | Reached XP level 3. HP: 31/32 MP: 3/3
   967 | D:2      | Found an iron altar of Okawaru.
   981 | D:2      | Became a worshipper of Warmaster Okawaru
  1232 | D:2      | Reached XP level 4. HP: 40/40 MP: 4/4
  1274 | D:2      | You fall into a shaft and drop 1 floor!
  1339 | D:3      | Found a bloodstained altar of Trog.
  1470 | D:3      | Reached skill level 5 in Unarmed Combat
  1738 | D:3      | Reached skill level 1 in Fighting
  1763 | D:3      | Found a stormy altar of Qazlal.
  1951 | D:3      | Reached XP level 5. HP: 48/48 MP: 5/5
  2474 | D:4      | Reached * piety under Okawaru
  2684 | D:4      | Reached XP level 6. HP: 59/59 MP: 4/6
  2750 | D:4      | Reached skill level 6 in Unarmed Combat
  3024 | D:4      | Found a shadowy altar of Dithmenos.
  3143 | D:4      | Found a glowing golden altar of the Shining One.
  3224 | D:5      | Entered Level 5 of the Dungeon
  3273 | D:5      | Reached ** piety under Okawaru
  3450 | D:5      | Reached XP level 7. HP: 64/67 MP: 5/7
  3786 | D:5      | Reached skill level 7 in Unarmed Combat
  4299 | D:6      | Found a radiant altar of Vehumet.
  4543 | D:6      | Found a hide-covered altar of Uskayaw.
  4584 | D:6      | Found a sparkling altar of Nemelex Xobeh.
  4732 | D:6      | Found a snail-covered altar of Cheibriados.
  5016 | D:6      | Reached *** piety under Okawaru
  5016 | D:6      | Reached XP level 8. HP: 72/78 MP: 6/8
  5291 | D:7      | Reached skill level 8 in Unarmed Combat
  5468 | D:7      | Found a staircase to the Ecumenical Temple.
  5912 | D:7      | Found Xuiwix's Magic Scroll Shoppe.
  6182 | D:8      | Reached skill level 9 in Unarmed Combat
  6265 | D:8      | Reached **** piety under Okawaru
  6295 | D:8      | Found a sacrificial altar of Ru.
  6462 | D:8      | Noticed a two-headed ogre
  6472 | D:8      | Killed a two-headed ogre
  6472 | D:8      | Reached ***** piety under Okawaru
  6472 | D:8      | Reached skill level 5 in Transmutations
  6472 | D:8      | Reached XP level 9. HP: 18/84 MP: 1/9
  6489 | D:8      | HP: 4/84 [wyvern zombie (2)]
  6490 | D:8      | Slain by a wyvern zombie

Illustrated notes

Levels and vault maps discovered:
D:1:      dpeg_arrival_pond, layout_loops_ring, chequers_serial_rivers_micro_b
D:2:      layout_loops_cross, lemuel_round_altar
D:3:      layout_basic, marbit_many_paths, lemuel_doored_altar
D:4:      layout_basic, grunt_temple_overflow_open
D:5:      layout_loops_corners, minmay_ogre_servants
D:6:      layout_cave_pods, slow_altar_1, overflow_temple_1_default,
          vehumet_altar_wand_db, kennysheep_mini_moat, corexii_hall_statues_x
D:7:      layout_loops_corners, minmay_temple_entry_glass, serial_shops,
          kennysheep_little_box
D:8:      layout_basic, nicolae_ru_great_annihilating_truth, old_standard_altar,
          uniq_psyche

Skill      XL: |  1  2  3  4  5  6  7  8 |
---------------+-------------------------+-----
Unarmed Combat | 4 5 6 7 9 |  9.9
Fighting       | 1 2 3 4 |  4.1
Transmutations | 2 5 |  5.3
Dodging        | |  1.8
Spellcasting   | |  1.2

Action                   |  1- 3 |  4- 6 |  7- 9 || total
-------------------------+-------+-------+-------++-------
Melee: Unarmed           |   102 |   166 |   207 ||   475
       Punch             |     1 |     3 |     4 ||     8
       Kick              |       |       |     1 ||     1
       Headbutt          |       |       |     1 ||     1
 Cast: Beastly Appendage |       |       |     1 ||     1
Evoke: Wand              |       |       |     1 ||     1
  Use: Scroll            |       |     6 |    13 ||    19
 Stab: Sleeping          |     1 |       |     1 ||     2
Armor: Robe              |    33 |    71 |    50 ||   154
Dodge: Dodged            |    50 |    97 |    67 ||   214

Table legend: (Time is in decaauts)
 A = Elapsed time spent in this place.
 B = Non-inter-level travel time spent in this place.
 C = Inter-level travel time spent in this place.
 D = Time resting spent in this place.
 E = Time spent auto-exploring this place.
 F = Levels seen in this place.
 G = Mean time per level.
                   A        B        C        D        E       F      G
               +--------+--------+--------+--------+--------+-----+--------+
         Total |   6432 |   6150 |    282 |    318 |   4894 |   8 |  804.0 |
       Dungeon |   6432 |   6150 |    282 |    318 |   4894 |   8 |  804.0 |
               +--------+--------+--------+--------+--------+-----+--------+

Top non-repeatable levels by time:
     D:7: 974 daAuts
     D:3: 971 daAuts
     D:6: 971 daAuts
     D:5: 967 daAuts
     D:4: 906 daAuts
     D:2: 670 daAuts
     D:1: 654 daAuts
     D:8: 317 daAuts
